Cogmind - Beta 14 @@@ ROGUE MODE // 2024.11.26 @ 12:31:50 Player: Tereza Result: Destroyed by 8R-AWN with 8R-AWN's Boregun Performance ------------- Evolutions (0) 0 Regions Visited (3) 600 Robots Destroyed (29) 145 Value Destroyed (609) 609 Prototype IDs (23) 460 Alien Tech Used (0) 0 Bonus (231) 231 TOTAL SCORE: 2045 Bonus ------- Aligned with FarCom 300 Friendly Fire -69 Cogmind --------- Core Integrity 0/250 Matter 267/300 Energy 239/250 System Corruption 15% Temperature Cool (0) Movement Core (1500) Ox29 Location -10/Exiles Parts ------- > --- POWER (1) -------- Ion Engine > --- PROPULSION (2) --- (None) > --- UTILITY (2) ------ Huge Storage Unit > --- WEAPON (2) ------- Grenade Launcher > --- INVENTORY (25) --- Ion Engine Light Nuclear Core Light Treads Aluminum Leg Wheel Compact Wheel Heat Sink Heat Sink High-capacity Storage Unit High-capacity Storage Unit Signal Interpreter Signal Interpreter Signal Interpreter Targeting Computer Targeting Computer Hacking Suite Small Laser Latent Energy Streamer Light Assault Rifle Light Assault Rifle Light Assault Rifle Heavy Assault Rifle Rocket Launcher Datajack Mining Laser Peak State ------------ > --- POWER ------------ Ion Engine > --- PROPULSION ------- Light Treads Light Treads > --- UTILITY ---------- Huge Storage Unit Targeting Computer > --- WEAPON ----------- Latent Energy Streamer Light Assault Rifle > --- INVENTORY -------- Ion Engine Light Nuclear Core Light Treads Aluminum Leg Wheel Compact Wheel Heat Sink Heat Sink High-capacity Storage Unit High-capacity Storage Unit Signal Interpreter Signal Interpreter Signal Interpreter Targeting Computer Targeting Computer Hacking Suite Small Laser Light Assault Rifle Light Assault Rifle Light Assault Rifle Heavy Assault Rifle Grenade Launcher Rocket Launcher Datajack Mining Laser [Rating: 19] Favorites ----------- Power Ion Engine Engine Ion Engine Propulsion Light Treads Treads Light Treads Utility Targeting Computer Storage Huge Storage Unit Processor Targeting Computer Weapon Light Assault Rifle Energy Cannon Latent Energy Streamer Ballistic Gun Light Assault Rifle Launcher Grenade Launcher Build | -11 -10 -10 -10 ------- Run | Yrd Mat Min Exi Slots Evolved . | . . . . Power . | . . . . Propulsion . | . . . . Utility . | . . . . Weapon . | . . . . Parts Attached 16 | 6 4 4 2 Power 3 | 1 1 1 . Engine 3 | 1 1 1 . Core . | . . . . Reactor . | . . . . Propulsion 4 | 2 . 2 . Treads 4 | 2 . 2 . Leg . | . . . . Wheel . | . . . . Hover . | . . . . Flight . | . . . . Utility 4 | 1 3 . . Device . | . . . . Storage 3 | 1 2 . . Processor 1 | . 1 . . Hackware . | . . . . Protection . | . . . . Artifact . | . . . . Weapon 5 | 2 . 1 2 Energy Gun . | . . . . Energy Cannon 1 | . . . 1 Ballistic Gun 3 | 2 . 1 . Ballistic Cannon . | . . . . Launcher 1 | . . . 1 Special Weapon . | . . . . Impact Weapon . | . . . . Slashing Weapon . | . . . . Piercing Weapon . | . . . . Special Melee Weapon . | . . . . Unidentified Prototypes . | . . . . Parts Lost 9 | . 1 4 4 Power 2 | . 1 1 . Propulsion 4 | . . 2 2 Utility 1 | . . . 1 Weapon 2 | . . 1 1 Highest Loss Streak 4 | . 1 2 4 To Critical Strikes . | . . . . Average Slot Usage (%) 96 | . 93 99 97 Engine 13 | . 12 13 14 Treads 27 | . 28 27 26 Storage 14 | . 14 14 14 Processor 11 | . 9 14 13 Ballistic Gun 27 | . 28 28 26 Peak Build Rating 19 | 6 9 10 19 Average Rating 8 | 4 7 9 10 On Entrance 6 | . 6 9 10 Naked Turns . | . . . . Heaviest Build 96 | 13 88 88 96 Greatest Support 40 | 40 40 40 40 Greatest Overweight (x) 29 | . 2 2 29 Average Overweight (x) 1 | . 1 2 2 Largest Inventory Capacity 25 | 8 25 25 25 Average Capacity 23 | 6 21 25 25 Most Carried 25 | 6 21 25 25 Average Carried 20 | 4 17 23 24 Final Capacity 25 | 8 25 25 25 Final Carried 25 | 6 21 24 25 Class Distribution -------------------- 100% | Mutant Dominant Class ---------------- Mutant | -10/Materials Mutant | -10/Mines Mutant | -10/Exiles Resources | -11 -10 -10 -10 ----------- Run | Yrd Mat Min Exi Matter Collected 641 | 246 293 102 . Remotely . | . . . . Salvage Created 896 | . 561 309 26 Parts 55 | . 46 9 . Haulers Intercepted 2 | . 2 . . Recyclers Shooed 1 | . 1 . . Parts Field Recycled . | . . . . Retrieved Matter . | . . . . Parts Self-Destructed . | . . . . Prevented . | . . . . Kills | -11 -10 -10 -10 ------- Run | Yrd Mat Min Exi Combat Hostiles Destroyed 26 | . 12 9 5 Guns 21 | . 12 9 . AOE 5 | . . . 5 Classes Destroyed 8 | . 6 1 1 Worker 1 | . 1 . . Hauler 2 | . 2 . . Operator 2 | . 2 . . Watcher 3 | . 3 . . Swarmer 10 | . 6 4 . Grunt 10 | . 6 4 . Sentry 1 | . . 1 . Assembled 5 | . . . 5 Best Kill Streak 5 | . 3 3 5 Combat Bots Only 5 | . 2 3 5 Max Kills in Single Turn 3 | . 1 1 3 Gunslinging . | . . . . Exploded 3 | . . . 3 Melee . | . . . . Uniques/NPCs Destroyed . | . . . . Combat | -11 -10 -10 -10 -------- Run | Yrd Mat Min Exi Hostile Shots Fired 148 | . 67 51 30 Missed 42 | . 19 14 9 Damage Taken 1297 | . 485 443 369 Core 254 | . 85 71 98 Absorbed by Shields . | . . . . Core Remaining (%) 100 | 100 . . . Volleys Fired 95 | . 62 28 5 Largest 2 | . 2 2 2 Hottest 80 | . 40 40 80 Shots Fired 187 | . 124 55 8 Gun 182 | . 124 55 3 Cannon 2 | . . . 2 Launcher 3 | . . . 3 Special . | . . . . Kinetic 182 | . 124 55 3 Thermal . | . . . . Explosive 3 | . . . 3 Electromagnetic 2 | . . . 2 Robot Hit Streak 13 | . 11 13 3 Robot Miss Streak 4 | . 4 2 1 Penetration Max . | . . . . Secondary Targets 1 | . 1 . . Max Gunslinging Chain 1 | . 1 . . Shots Hit Robots 116 | . 72 39 5 Core Hits 62 | . 33 20 9 Critical Kills . | . . . . Critical Parts Destroyed . | . . . . Critical Strikes . | . . . . Melee Attacks . | . . . . Impact . | . . . . Slashing . | . . . . Piercing . | . . . . Sneak Attacks . | . . . . Combat Hostiles . | . . . . Follow-up Attacks . | . . . . Damage Inflicted 1572 | . 809 389 374 Guns 1213 | . 806 389 18 Cannons . | . . . . Explosions 356 | . . . 356 Melee . | . . . . Ramming 3 | . 3 . . Kinetic 1213 | . 806 389 18 Thermal . | . . . . Explosive 270 | . . . 270 Electromagnetic 86 | . . . 86 Impact . | . . . . Slashing . | . . . . Piercing . | . . . . Highest Corruption 15 | . . . 15 Average Corruption 9 | . . . 9 Corruption Purged . | . . . . Corruption Blocked . | . . . . Effects 1 | . . . 1 Energy Discharges 1 | . . . 1 Overload Shots . | . . . . Overflow Damage 2 | . . . 2 Projectiles . | . . . . Explosions 2 | . . . 2 Melee . | . . . . Knockbacks . | . . . . Impact . | . . . . Kinetic . | . . . . Secondary . | . . . . Self-Inflicted Damage 37 | . . . 37 Shots 1 | . . . 1 Rammed 1 | . 1 . . Targets Rammed 1 | . 1 . . Kicked . | . . . . Crushed . | . . . . Highest Temperature 40 | . 22 27 40 Average Temperature 11 | . 7 11 18 Received Heat Transfer 342 | . 186 156 . Siege Activations . | . . . . Robots Corrupted . | . . . . Combat Hostiles . | . . . . Parts Fried . | . . . . Impact Corruptions . | . . . . Robots Melted . | . . . . Combat Hostiles . | . . . . Parts Melted . | . . . . Heat Transferred . | . . . . Parts Sabotaged . | . . . . Parts Stolen . | . . . . Parts Stripped . | . . . . Power Chain Reactions . | . . . . Latent Energy Used 400 | . . . 400 LE Corruption 6 | . . . 6 Alert | -11 -10 -10 -10 ------- Run | Yrd Mat Min Exi Peak Influence 159 | . 159 100 . Initial . | . . . . Average 31 | . 46 16 . Maximum Alert Level . | . . . . Low Security (%) 100 | 100 100 100 . Level 1 . | . . . . Level 2 . | . . . . Level 3 . | . . . . Level 4 . | . . . . Level 5 . | . . . . High Security . | . . . . Max Security . | . . . . Squads Dispatched 2 | . 2 . . Investigation . | . . . . Extermination . | . . . . Reinforcement 2 | . 2 . . Assault . | . . . . Garrison . | . . . . Intercept . | . . . . Searches Triggered . | . . . . Construction Impeded . | . . . . Haulers Reinforced . | . . . . Active Scanning Responses . | . . . . Cargo Convoy Interrupts . | . . . . Stealth | -11 -10 -10 -10 --------- Run | Yrd Mat Min Exi Distress Signals 4 | . 4 . . Communications Jammed . | . . . . Distress Signals . | . . . . Times Spotted 44 | . 28 9 7 Peak Tracking Total 9 | . 5 3 9 Tactical Retreats 2 | . 2 . . Traps | -11 -10 -10 -10 ------- Run | Yrd Mat Min Exi Traps Triggered . | . . . . Indirectly . | . . . . Trap Hack Attempts . | . . . . Triggered . | . . . . Disarmed . | . . . . Reprogrammed . | . . . . Reused . | . . . . Traps Extracted . | . . . . Installed . | . . . . Triggered . | . . . . Machines | -11 -10 -10 -10 ---------- Run | Yrd Mat Min Exi Machines Disabled 5 | . . . 5 Max in Single Turn 2 | . . . 2 Machines Repaired . | . . . . Machines Dismantled . | . . . . Machines Sabotaged . | . . . . Overloaded Fab Kills . | . . . . Hacking | -11 -10 -10 -10 --------- Run | Yrd Mat Min Exi Machines Accessed 4 | . 3 . 1 Terminals 3 | . 3 . . Fabricators . | . . . . Repair Stations . | . . . . Recycling Units . | . . . . Scanalyzers . | . . . . Garrison Access . | . . . . Total Hacks 9 | . 8 . 1 Successful 5 | . 4 . 1 Failed 4 | . 4 . . Catastrophic . | . . . . Database Lockouts . | . . . . Manual 9 | . 8 . 1 Terminals 8 | . 8 . . Fabricators . | . . . . Repair Stations . | . . . . Recycling Units . | . . . . Scanalyzers . | . . . . Garrison Access . | . . . . Terminal Hacks 5 | . 4 . 1 Record 1 | . 1 . . Robot Analysis 3 | . 3 . . Derelict Proto ID Bank 1 | . . . 1 Fabricator Hacks . | . . . . Repair Station Hacks . | . . . . Recycling Unit Hacks . | . . . . Scanalyzer . | . . . . Garrison Access Hacks . | . . . . Unauthorized Hacks . | . . . . Terminals . | . . . . Fabricators . | . . . . Repair Stations . | . . . . Recycling Units . | . . . . Scanalyzers . | . . . . Garrison Access . | . . . . Data Cores Recovered . | . . . . Used . | . . . . Hacking Detections 2 | . 2 . . Full Trace Events 1 | . 1 . . Feedback Events . | . . . . Feedback Blocked . | . . . . Robot Schematics Acquired . | . . . . Robots Built . | . . . . Authchips . | . . . . Time . | . . . . Total Robot Build Rating . | . . . . Part Schematics Acquired . | . . . . Parts Built . | . . . . Authchips . | . . . . Time . | . . . . Total Part Build Rating . | . . . . Parts Repaired . | . . . . Time . | . . . . Parts Recycled . | . . . . Recycled Matter . | . . . . Retrieved Matter . | . . . . Retrieved Components . | . . . . Parts Scanalyzed . | . . . . Part Schematics Acquired . | . . . . Parts Damaged . | . . . . Bothacking | -11 -10 -10 -10 ------------ Run | Yrd Mat Min Exi Used RIF Installer . | . . . . Robots Hacked . | . . . . Non-combat . | . . . . Combat . | . . . . Robot Hacks Applied . | . . . . Relay Couplers Released . | . . . . Fabnet Peak Effective % . | . . . . Robots Rewired . | . . . . Allies Hacked . | . . . . Hacks Repelled . | . . . . Allies | -11 -10 -10 -10 -------- Run | Yrd Mat Min Exi Total Allies . | . . . . Largest Group . | . . . . Highest-Rated Group . | . . . . Highest-Rated Ally . | . . . . Total Orders . | . . . . Ally Attacks . | . . . . Total Damage . | . . . . Kills . | . . . . Allies Corrupted . | . . . . Allies Melted . | . . . . Intel | -11 -10 -10 -10 ------- Run | Yrd Mat Min Exi Robot Analysis Total 3 | . 3 . . Derelict Logs Recovered 1 | . . 1 . Drone Launches . | . . . . Drone Recoveries . | . . . . Exploration | -11 -10 -10 -10 ------------- Run | Yrd Mat Min Exi Turns Passed 5039 | 71 2220 2252 496 Spaces Moved 1545 | 39 739 621 146 Core 6 | 5 . . 1 Treads 1539 | 34 739 621 145 Legs . | . . . . Wheels . | . . . . Hover . | . . . . Flight . | . . . . Fastest Speed 50 | 50 160 320 320 Average Speed 291 | 145 267 320 328 Slowest Speed 1500 | 160 320 320 1500 Overloaded Moves . | . . . . Propulsion Burnouts . | . . . . Robots Hopped . | . . . . Cave-ins Triggered . | . . . . Exploration Rate (%) 57 | 3 93 94 40 Regions Visited 3 Branch Regions 2 Pre-discovered Areas . | . . . . Known Exits Taken . | . . . . Unknown Exits Taken 3 | 1 1 1 . Scrap Searched 1 | . . 1 . Spaces Dug . | . . . . Terrain Destroyed 73 | . . . 73 Melee . | . . . . Projectile . | . . . . AOE 73 | . . . 73 Terrain Rammed . | . . . . Walls Destroyed . | . . . . Machines Disabled . | . . . . Actions | -11 -10 -10 -10 --------- Run | Yrd Mat Min Exi Total 1921 | 50 873 843 155 Wait 230 | . 47 182 1 Move 1542 | 38 738 620 146 Hop . | . . . . Pick Up 32 | 6 17 8 1 Fast Attach 8 | 6 2 . . Attach 5 | . 1 4 . Detach 1 | . 1 . . Swap 3 | . 1 . 2 Drop 4 | . 3 1 . Fire 95 | . 62 28 5 Melee . | . . . . Ram . | . . . . Kick . | . . . . Crush 1 | . 1 . . Escape Stasis . | . . . . Rewire . | . . . . Trap . | . . . . Miscellaneous . | . . . . Route ------- -11/Scrapyard -10/Materials (discovered 4 exits: [*Mat x2] / [*Min x2]) -10/Mines (discovered 4 exits: [*Mat x2] / *Exi / [*Sub]) -10/Exiles (discovered 2 exits: Min x2) History --------- Turn | Location | Event 19 | -11/Scrapyard | Discovered new exit (range 15) 72 | -11/Scrapyard | Entered Materials 317 | -10/Materials | Build established: Mutant 397 | -10/Materials | Discovered new exit (range 9) 781 | -10/Materials | Discovered new exit (range 11) 1807 | -10/Materials | Discovered new exit (range 16) 1896 | -10/Materials | Discovered new exit (range 16) 2292 | -10/Materials | Entered Mines 2299 | -10/Mines | Received a Rocket Launcher from a helpful Derelict 2770 | -10/Mines | Discovered new exit (range 15) 3478 | -10/Mines | Joined a pair of Derelicts in attacking an 0b10 outpost 3485 | -10/Mines | Core integrity fell below 50% 3586 | -10/Mines | Discovered new exit (range 5) 3951 | -10/Mines | Discovered new exit (range 4) 4519 | -10/Mines | Deemed a non-threat by the Exiles lab entrance 4522 | -10/Mines | Discovered new exit (range 5) 4544 | -10/Mines | Entered Exiles 4545 | -10/Exiles | Identified exit to Mines 4624 | -10/Exiles | Met 8R-AWN 4676 | -10/Exiles | Met EX-HEX 4765 | -10/Exiles | Met EX-BIN 4811 | -10/Exiles | Aligned with FarCom system 4814 | -10/Exiles | Given EX-Vault access code 4888 | -10/Exiles | Opened EX-Vault 4904 | -10/Exiles | Found Latent Energy Streamer 4969 | -10/Exiles | Warned to stay clear of 0b10 Research branches 5000 | -10/Exiles | Attacked by the Exiles 5021 | -10/Exiles | Core integrity fell below 20% 5021 | -10/Exiles | System corruption reached 10% 5040 | -10/Exiles | Destroyed by 8R-AWN with 8R-AWN's Boregun Last Messages --------------- perimeter. Defensive protocols time, folks! 05002_ EX-BIN: "I just want to science!" 05016_ Lgt. Treads destroyed. 05019_ Machine disabled. 05020_ Lgt. Treads destroyed. 05020_ System corrupted by crushing effect (+5). 05020_ Knocked back. 05021_ Lgt. Assault Rifle destroyed. 05022_ as-73068 destroyed. 05022_ as-40480 destroyed. 05022_ as-61812 destroyed. 05024_ as-70149 destroyed. 05024_ Targeting Computer destroyed. 05024_ System corrupted by crushing effect (+4). 05028_ System corrupted: Energy discharge (-51). 05033_ BIN's Workstation disabled. 05034_ The unstable cave ceiling collapses. 05040_ Penetrated by HV Slug. 05040_ HV Slug penetrates FarCom Aligner. 05040_ Penetrated by HV Slug. Map ----- +----------------------------------------------------+ | ?????????????????#X #????????????????????????? | | ?????????????????## #????????????????????????? | | ??????????????????# #????????????????????????? | | ??????????????????# #???####?????????????????? | | ??????????????????# #??"""""?????????????????? | | ??????????????????# ## """#????????????????? | | ??????????????????# X""#????????????????? | | ??????????????????# ## """#????????????????? | | ????????????####??# #??"""""?????????????????? | | ????????????"""""?# #???#?##?????????????????? | | ????????????""" ## #????????????????????????? | | ??????????#""X" #????????????????????????? | | ??????????#" #????????????????????????? | | ??????????#" ## #????????????????????????? | | ??????????#""""""?# #?#########??????????????? | | ????????????"###??# #?#"""""""#??????????????? | | ??????????????????# #?#"""""""#??????????????? | | ??????????????????# #?#"""""""#??????????????? | | ?????????????????## ###" "#??????????????? | | ?????????????????#" ##?????????????? | | ?????????????????#" ;#?????????????? | | ?????????????????#" ;#?????????????? | | ?????????????????#" ;#?????????????? | | ?????????????????#" a ;#?????????????? | | ?????????????????#" % ;#?????????????? | | ?????????????????## @ """????????????? | | ??????????????????# "###????????????? | | ??????????????????#" "X" """""?????????????? | | ??????????????????# """ #??????????????? | | ??????????????????# """"""""#??????????????? | | ????????????????? # ##########??????????????? | | ????????????????# #???????????????????????? | | ??????????????### % a##???????????????????????? | | ?????????????"""" g #???????????????????????? | | ????????????"" " ##???###########????????? | | ????????????"" #####"""""""""##???????? | | ??????????? " " """ """"##??????? | | ????????? "" " #??????? | | ???????? " """#??????? | | ???????? " "#??????? | | ???????? " "##?????? | | ???????? ""###???? | | ????????? """""" """#???? | | ????????? ######""" "#???? | | ?????????? ""#?????#####""" ##??? | | ??????????"?"#??????????##""" ##?# | | ?????????????????????????#"""" ### | | ?????????????????????????#"" | | ??????????????????????????""" | | ?????????????????????????? | +----------------------------------------------------+ Best States ------------- Heat Dissipation 25 Energy Generation 10 Energy Capacity 250 Matter Stores 300 Matter Capacity 300 Sight Range 16 Terrain Scan Density 10 Evasion (%) 40 Targeting Accuracy 5 Recoil Reduction 2 Item Schematics ----------------- None Robot Schematics ------------------ None Fabricated ------------ Nothing Alien Tech Used ----------------- None Achievements -------------- None Challenges ------------ None Game ------ Seed PulseFactoryAxe Manual? 0 Play Time 00:12:56 Cumulative 130.1 hours Start 2024.11.26 @ 12:19:56 End 2024.11.26 @ 12:31:50 Sessions 1 Manual Loads 0 Difficulty Rogue Special Mode None Game No. 154 Rogue 154 Adventurer 0 Explorer 0 Win Type - Total 2 Types 2/0/0/0/0/0/0/0/0 Lore% 66 Gallery% 56 Achievement% 48 Wizard Run 0 Options --------- Layout 1 ASCII 0 Keyboard 1 Movement Numpad Keybinds 0 Fullscreen 1 Font 24/Smallcaps Map View 50x35 Zoom Use 0% Tactical HUD 1 Map Filters NONE Filters NONE Steam 1 RUN: dbf8c1f9-7003-4f72-b5e1-26ca2ac363d2